General information
- name: BNet
- type: Ladder team game (AT/RT)
- host: Battle.net
- saver: DanielCormier
map: GoldRush
- players: 8
- length: 23:16
- speed: Fast
- version: 1.30 W3XP
- replay type: Public
» download(297 KB)
Players
team 1 (loser)
DanielCormier (
pink | 146 APM | 3402 actions | 23:16)
5 Blademaster
2 Wind Walk
3 Critical Strike
4 Shadow Hunter
2 Hex
2 Healing Wave
» actions
| Assign group hotkey | 30 | |
| Basic commands | 180 | |
| Build / train | 90 | |
| ESC pressed | 7 | |
| Enter build submenu | 18 | |
| Enter hero's abilities submenu | 10 | |
| Give item / drop item | 5 | |
| Remove unit from queue | 3 | |
| Right click | 1774 | |
| Select / deselect | 596 | |
| Select group hotkey | 581 | |
| Use ability | 108 | |
3402 total
» units
| Peon | 29 | |
| Troll Headhunter/Berserker | 4 | |
| Wind Rider | 13 | |
| Troll Batrider | 2 | |
48 total
» upgrades
| Reinforced Defenses | 1 | |
| Envenomed Spears | 1 | |
| Ranged Weapons | 1 | |
| Armor | 1 | |
4 total
» buildings
| Altar of Storms | 1 | |
| Orc Burrow | 5 | |
| War Mill | 1 | |
| Barracks | 1 | |
| Voodoo Lounge | 1 | |
| Stronghold | 2 | |
| Great Hall | 4 | |
| Beastiary | 2 | |
| Fortress | 1 | |
| Watch Tower | 1 | |
19 total
» build order
00:03 Altar of Storms
00:05 Orc Burrow
00:25 War Mill
01:04 Barracks
01:49 Voodoo Lounge
02:16 Orc Burrow
03:15 Stronghold
03:15 Stronghold
03:31 Orc Burrow
04:23 Orc Burrow
04:54 Great Hall
06:36 Beastiary
06:38 Beastiary
07:10 Fortress
10:43 Great Hall
14:04 Watch Tower
17:50 Great Hall
18:40 Great Hall
18:43 Orc Burrow
» items
| Boots of Speed | 1 | |
| Lesser Clarity Potion | 9 | |
| Healing Salve | 3 | |
| Scroll of Town Portal | 2 | |
| Orb of Lightning | 1 | |
| Potion of Mana | 2 | |
| Potion of Healing | 2 | |
20 total

»
zinrohk (
purple | 46 APM | 1075 actions | 23:16)
4 Tauren Chieftain
2 War Stomp
2 Endurance Aura
4 Pit Lord
2 Cleaving Attack
2 Howl of Terror
3 Shadow Hunter
1 Hex
2 Healing Wave
» actions
| Assign group hotkey | 22 | |
| Basic commands | 21 | |
| Build / train | 63 | |
| ESC pressed | 1 | |
| Enter build submenu | 16 | |
| Enter hero's abilities submenu | 12 | |
| Give item / drop item | 3 | |
| Remove unit from queue | 1 | |
| Right click | 296 | |
| Select / deselect | 261 | |
| Select group hotkey | 308 | |
| Use ability | 71 | |
1075 total
» units
» upgrades
| Reinforced Defenses | 1 | |
| Witch Doctor Training | 0 | |
| Shaman Training | 2 | |
3 total
» buildings
| Altar of Storms | 1 | |
| Orc Burrow | 3 | |
| War Mill | 1 | |
| Voodoo Lounge | 3 | |
| Watch Tower | 5 | |
| Stronghold | 1 | |
| Fortress | 2 | |
| Spirit Lodge | 1 | |
17 total
» build order
00:05 Altar of Storms
00:09 Orc Burrow
01:29 War Mill
02:23 Voodoo Lounge
02:49 Watch Tower
03:13 Orc Burrow
04:01 Voodoo Lounge
04:10 Watch Tower
04:19 Stronghold
05:47 Watch Tower
06:39 Voodoo Lounge
07:20 Fortress
07:20 Fortress
07:33 Spirit Lodge
08:47 Watch Tower
10:41 Watch Tower
13:46 Orc Burrow
» items
| Healing Salve | 2 | |
| Lesser Clarity Potion | 4 | |
| Scroll of Speed | 1 | |
| Orb of Lightning | 1 | |
| Potion of Healing | 1 | |
| Orb of Fire | 5 | |
| Potion of Lesser Invulnerability | 2 | |
| Orb of Corruption | 1 | |
| Scroll of Town Portal | 1 | |
| Tiny Great Hall | 1 | |
19 total
BooT (
yellow | 77 APM | 1788 actions | 23:16)
2 Beastmaster
1 Summon Quilbeast
1 Summon Hawk
1 Mountain King
1 Storm Bolt
1 Lich
1 Frost Armor
» actions
| Assign group hotkey | 18 | |
| Basic commands | 16 | |
| Build / train | 93 | |
| Enter build submenu | 30 | |
| Enter hero's abilities submenu | 4 | |
| Give item / drop item | 2 | |
| Remove unit from queue | 6 | |
| Right click | 1135 | |
| Select / deselect | 370 | |
| Select group hotkey | 44 | |
| Use ability | 70 | |
1788 total
» units
| Peasant | 24 | |
| Footman | 4 | |
| Rifleman | 7 | |
| Siege Engine | 2 | |
| Sorceress | 3 | |
| Mortar Team | 1 | |
| Spell Breaker | 4 | |
45 total
» upgrades
| Masonry | 2 | |
| Armor | 2 | |
| Plating | 2 | |
| Long Rifles | 1 | |
| Lumber Harvesting | 1 | |
| Barrage | 1 | |
| Sorceress Training | 2 | |
| Fragmentation Shards | 1 | |
| Gunpowder | 1 | |
| Swords | 1 | |
14 total
» buildings
| Farm | 10 | |
| Barracks | 2 | |
| Altar of Kings | 1 | |
| Scout Tower | 4 | |
| Arcane Vault | 3 | |
| Arcane Tower | 5 | |
| Town Hall | 2 | |
| Lumber Mill | 1 | |
| Keep | 3 | |
| Blacksmith | 2 | |
| Castle | 1 | |
| Arcane Sanctum | 2 | |
| Workshop | 2 | |
| Guard Tower | 1 | |
39 total
» build order
00:23 Farm
00:28 Farm
00:30 Barracks
00:44 Altar of Kings
02:10 Farm
02:33 Farm
02:52 Scout Tower
03:40 Arcane Vault
03:42 Arcane Tower
03:42 Arcane Tower
03:43 Arcane Tower
04:17 Town Hall
04:43 Lumber Mill
05:12 Barracks
06:24 Keep
06:24 Keep
06:24 Keep
06:29 Blacksmith
08:22 Scout Tower
08:37 Blacksmith
08:43 Arcane Tower
08:47 Scout Tower
08:49 Scout Tower
09:04 Castle
09:16 Arcane Sanctum
09:23 Arcane Sanctum
09:31 Workshop
09:53 Arcane Vault
10:34 Farm
10:35 Farm
10:36 Farm
10:42 Farm
12:21 Workshop
12:30 Arcane Tower
12:32 Guard Tower
14:34 Arcane Vault
18:12 Farm
18:13 Farm
21:23 Town Hall
» items
| Lesser Clarity Potion | 1 | |
| Scroll of Regeneration | 2 | |
| Scroll of Town Portal | 3 | |
| Scroll of Speed | 1 | |
| Orb of Fire | 2 | |
9 total
KoReA4teHwiN (
teal | 120 APM | 2674 actions | 22:14)
4 Death Knight
2 Death Coil
2 Unholy Aura
2 Lich
1 Frost Nova
1 Frost Armor
» actions
| Assign group hotkey | 190 | |
| Basic commands | 44 | |
| Build / train | 56 | |
| ESC pressed | 2 | |
| Enter build submenu | 17 | |
| Enter hero's abilities submenu | 6 | |
| Give item / drop item | 3 | |
| Right click | 934 | |
| Select / deselect | 207 | |
| Select group hotkey | 1133 | |
| Use ability | 82 | |
2674 total
» units
| Acolyte | 11 | |
| Ghoul | 4 | |
| Crypt Fiend | 15 | |
30 total
» upgrades
| Web | 1 | |
| Creature Attack | 1 | |
| Creature Carapace | 1 | |
3 total
» buildings
| Crypt | 2 | |
| Ziggurat | 7 | |
| Graveyard | 1 | |
| Altar of Darkness | 1 | |
| Nerubian Tower | 1 | |
| Tomb of Relics | 1 | |
| Spirit Tower | 3 | |
| Halls of the Dead | 1 | |
| Black Citadel | 3 | |
| Sacrificial Pit | 1 | |
21 total
» build order
00:17 Crypt
00:23 Ziggurat
00:36 Graveyard
00:57 Altar of Darkness
01:16 Nerubian Tower
01:46 Tomb of Relics
01:52 Ziggurat
02:58 Spirit Tower
04:13 Ziggurat
04:16 Ziggurat
04:51 Halls of the Dead
08:00 Crypt
08:06 Ziggurat
10:18 Ziggurat
10:38 Ziggurat
11:48 Black Citadel
11:48 Black Citadel
11:56 Spirit Tower
13:13 Spirit Tower
13:29 Black Citadel
13:59 Sacrificial Pit
» items
| Rod of Necromancy | 1 | |
| Sacrificial Skull | 1 | |
| Scroll of Town Portal | 4 | |
| Healing Salve | 1 | |
7 total
team 2 (winner)

»
cursedscroll (
red | 64 APM | 1490 actions | 23:16)
4 Far Seer
2 Feral Spirit
2 Chain Lighting
5 Shadow Hunter
3 Serpent Ward
2 Healing Wave
4 Tauren Chieftain
2 Endurance Aura
2 War Stomp
» actions
| Basic commands | 69 | |
| Build / train | 80 | |
| ESC pressed | 2 | |
| Enter build submenu | 28 | |
| Enter hero's abilities submenu | 13 | |
| Give item / drop item | 2 | |
| Right click | 682 | |
| Select / deselect | 506 | |
| Use ability | 108 | |
1490 total
» units
| Peon | 15 | |
| Wind Rider | 2 | |
| Raider | 4 | |
| Troll Batrider | 2 | |
| Tauren | 2 | |
| Shaman | 2 | |
| Spirit Walker | 1 | |
| Troll Witch Doctor | 4 | |
32 total
» upgrades
| Spiked Barricades | 1 | |
| Reinforced Defenses | 1 | |
| Ensnare | 1 | |
| Pillage | 1 | |
| Melee Weapons | 1 | |
| Pulverize | 1 | |
| Shaman Training | 2 | |
| Spirit Walker Training | 2 | |
| Witch Doctor Training | 2 | |
12 total
» buildings
| Altar of Storms | 1 | |
| Orc Burrow | 7 | |
| Voodoo Lounge | 1 | |
| War Mill | 1 | |
| Stronghold | 2 | |
| Watch Tower | 7 | |
| Beastiary | 2 | |
| Fortress | 1 | |
| Great Hall | 1 | |
| Tauren Totem | 1 | |
| Spirit Lodge | 2 | |
26 total
» build order
00:10 Altar of Storms
00:18 Orc Burrow
00:51 Voodoo Lounge
01:09 War Mill
02:21 Stronghold
02:21 Stronghold
02:53 Watch Tower
02:57 Orc Burrow
03:09 Orc Burrow
03:37 Watch Tower
04:46 Beastiary
05:27 Beastiary
05:32 Orc Burrow
06:08 Fortress
07:06 Watch Tower
08:02 Watch Tower
08:54 Great Hall
09:14 Watch Tower
09:40 Orc Burrow
10:33 Tauren Totem
10:35 Spirit Lodge
11:24 Orc Burrow
11:26 Orc Burrow
11:29 Spirit Lodge
13:54 Watch Tower
21:19 Watch Tower
» items
| Healing Salve | 5 | |
| Lesser Clarity Potion | 5 | |
| Orb of Lightning | 3 | |
| Scroll of Town Portal | 2 | |
15 total

»
never.less (
orange | 93 APM | 2155 actions | 23:16)
6 Death Knight
3 Death Coil
3 Unholy Aura
3 Lich
2 Frost Nova
1 Dark Ritual
» actions
| Assign group hotkey | 113 | |
| Basic commands | 143 | |
| Build / train | 68 | |
| Enter build submenu | 41 | |
| Enter hero's abilities submenu | 10 | |
| Give item / drop item | 1 | |
| Remove unit from queue | 2 | |
| Right click | 917 | |
| Select / deselect | 295 | |
| Select group hotkey | 491 | |
| Use ability | 73 | |
2155 total
» units
| Acolyte | 10 | |
| Ghoul | 4 | |
| Crypt Fiend | 9 | |
| Frost Wyrm | 4 | |
27 total
» upgrades
| Web | 1 | |
| Burrow | 1 | |
| Creature Attack | 2 | |
| Creature Carapace | 3 | |
| Freezing Breath | 1 | |
8 total
» buildings
| Crypt | 2 | |
| Graveyard | 2 | |
| Altar of Darkness | 1 | |
| Ziggurat | 11 | |
| Tomb of Relics | 1 | |
| Halls of the Dead | 1 | |
| Necropolis | 2 | |
| Nerubian Tower | 3 | |
| Spirit Tower | 4 | |
| Black Citadel | 2 | |
| Sacrificial Pit | 1 | |
| Boneyard | 2 | |
32 total
» build order
00:06 Crypt
00:18 Graveyard
00:42 Altar of Darkness
00:57 Ziggurat
01:42 Tomb of Relics
02:01 Ziggurat
04:01 Crypt
05:08 Ziggurat
06:04 Halls of the Dead
06:23 Ziggurat
06:51 Necropolis
06:53 Ziggurat
07:05 Nerubian Tower
07:58 Nerubian Tower
08:13 Spirit Tower
08:13 Spirit Tower
09:03 Graveyard
09:22 Black Citadel
09:22 Black Citadel
09:43 Ziggurat
09:44 Ziggurat
09:48 Ziggurat
10:38 Sacrificial Pit
12:38 Boneyard
12:41 Boneyard
13:43 Spirit Tower
13:43 Spirit Tower
19:04 Necropolis
21:08 Ziggurat
21:37 Ziggurat
21:59 Nerubian Tower
22:36 Ziggurat
» items
| Rod of Necromancy | 2 | |
| Orb of Corruption | 1 | |
| Scroll of Town Portal | 2 | |
| Potion of Healing | 1 | |
6 total
RuthafordSpanks (
blue | 147 APM | 3424 actions | 23:16)
5 Blademaster
2 Wind Walk
3 Critical Strike
4 Shadow Hunter
2 Hex
2 Healing Wave
» actions
| Assign group hotkey | 13 | |
| Basic commands | 15 | |
| Build / train | 67 | |
| Enter build submenu | 24 | |
| Enter hero's abilities submenu | 9 | |
| Give item / drop item | 4 | |
| Right click | 1437 | |
| Select / deselect | 272 | |
| Select group hotkey | 1514 | |
| Use ability | 69 | |
3424 total
» units
| Peon | 15 | |
| Grunt | 3 | |
| Tauren | 10 | |
| Shaman | 7 | |
35 total
» upgrades
| Reinforced Defenses | 1 | |
| Shaman Training | 2 | |
| Pulverize | 1 | |
4 total
» buildings
| Altar of Storms | 1 | |
| Orc Burrow | 7 | |
| Barracks | 1 | |
| Voodoo Lounge | 1 | |
| Stronghold | 1 | |
| War Mill | 1 | |
| Watch Tower | 5 | |
| Spirit Lodge | 2 | |
| Great Hall | 2 | |
| Fortress | 1 | |
| Tauren Totem | 2 | |
24 total
» build order
00:08 Altar of Storms
00:17 Orc Burrow
00:48 Barracks
01:25 Orc Burrow
02:50 Orc Burrow
03:13 Voodoo Lounge
04:00 Stronghold
04:05 War Mill
05:38 Watch Tower
06:24 Watch Tower
06:40 Watch Tower
06:46 Spirit Lodge
08:00 Great Hall
08:04 Fortress
08:39 Tauren Totem
09:22 Tauren Totem
10:58 Orc Burrow
11:37 Orc Burrow
14:32 Orc Burrow
14:35 Spirit Lodge
15:27 Orc Burrow
19:01 Watch Tower
20:48 Great Hall
21:56 Watch Tower
» items
| Lesser Clarity Potion | 3 | |
| Healing Salve | 6 | |
| Scroll of Town Portal | 2 | |
| Orb of Lightning | 2 | |
13 total

»
packet.loss (
green | 82 APM | 1904 actions | 23:16)
6 Dark Ranger
3 Black Arrow
2 Life Drain
1 Charm
» actions
| Assign group hotkey | 195 | |
| Build / train | 79 | |
| Enter build submenu | 16 | |
| Enter hero's abilities submenu | 6 | |
| Remove unit from queue | 2 | |
| Right click | 785 | |
| Select / deselect | 241 | |
| Select group hotkey | 540 | |
| Use ability | 40 | |
1904 total
» units
| Wisp | 20 | |
| Archer | 21 | |
| Hippogryph | 4 | |
| Druid of the Talon | 1 | |
46 total
» upgrades
| Strength of the Moon | 2 | |
| Moon Armor | 2 | |
| Improved Bows | 1 | |
| Druid of the Talon Training | 2 | |
| Marksmanship | 1 | |
8 total
» buildings
| Altar of Elders | 1 | |
| Moon Well | 5 | |
| Ancient of War | 2 | |
| Hunter's Hall | 1 | |
| Ancient of Wonders | 1 | |
| Tree of Ages | 1 | |
| Ancient of Wind | 3 | |
| Tree of Life | 1 | |
| Tree of Eternity | 2 | |
17 total
» build order
00:17 Altar of Elders
00:21 Moon Well
00:39 Ancient of War
01:39 Moon Well
02:39 Moon Well
04:11 Ancient of War
04:14 Hunter's Hall
05:14 Ancient of Wonders
06:13 Tree of Ages
07:28 Moon Well
08:44 Ancient of Wind
08:48 Ancient of Wind
09:12 Ancient of Wind
12:28 Tree of Life
13:34 Tree of Eternity
13:34 Tree of Eternity
15:51 Moon Well
» items
| Scroll of Speed | 2 | |
| Healing Salve | 1 | |
| Scroll of Town Portal | 3 | |
| Potion of Healing | 2 | |
8 total
Chat log
(00:31 / Allies) DanielCormier: i wish blizz would
(00:36 / Allies) DanielCormier: fix the tree placement on this map
(00:40 / Allies) DanielCormier: this is so autistic
(00:54 / Allies) DanielCormier: haha no one needs wood :)
(01:16 / Allies) DanielCormier: do u see this shit
(01:21 / Allies) DanielCormier: look at my mill
(01:32 / Allies) DanielCormier: u should be able to build behind mine
(01:51 / Allies) DanielCormier: any1 agree
(01:57 / Allies) zinrohk: yeah man.
(02:02 / Allies) zinrohk: they also start too far away
(02:07 / Allies) zinrohk: this map is weird
(02:12 / Allies) DanielCormier: dont worry reforged
(02:17 / Allies) zinrohk: reforged bro
(02:19 / Allies) DanielCormier: they will finally fix
(02:19 / Allies) DanielCormier: it
(05:06 / Allies) DanielCormier: 1 tp
(05:09 / Allies) DanielCormier: my bm is low
(06:46 / Allies) DanielCormier: reforged should have 1 resource
(06:47 / Allies) DanielCormier: remove wood
(08:45 / Allies) DanielCormier: EMBARRASING
(08:54 / Allies) DanielCormier: But he would do somethng like that
(09:43 / Allies) zinrohk: yellow please build 2 shops so i can load up on fire orbs
(11:37 / Allies) DanielCormier: riders
(11:44 / Allies) BooT: woow
(11:47 / Allies) BooT: wood
(14:58 / All) never.less: lol
(15:21 / All) never.less: damn teal
(15:35 / All) packet.loss: prob alot hate talk going down
(18:12 / Allies) DanielCormier: how are we losing
(19:11 / Allies) DanielCormier: drow
(19:14 / Allies) BooT: no gold
(19:26 / Allies) DanielCormier: dude hex heroes
(19:33 / Allies) zinrohk: k
(21:08 / Allies) BooT: 200gold
(22:01 / Allies) DanielCormier: why do they hit me lol
(22:02 / Allies) DanielCormier: fuck
(22:19 / All) packet.loss: what happpened tho
(22:26 / All) packet.loss: you were acting hard at my base